 Dungeon Crawl Stone Soup version 0.31.0-2-g5a2aebc5c2 (webtiles) character file.

Game seed: 6694568495794818318

374 EnegeticOcto the Chopper (level 6, -8/56 HPs)
             Began as a Minotaur Fighter on Jan 20, 2024.
             Was a Follower of Cheibriados.
             Mangled by Duvessa
             ... wielding a +0 short sword
              (11 damage)
             ... on level 4 of the Dungeon.
             The game lasted 00:01:36 (2882 turns).

EnegeticOcto the Chopper (Minotaur Fighter)         Turns: 2882, Time: 00:01:36

Health: -8/56      AC:  9    Str: 25    XL:     6   Next: 43%
Magic:  5/5        EV:  9    Int:  8    God:    Cheibriados [*.....]
Gold:   6          SH:  5    Dex: 13    Spells: 5/5 levels left

rFire   . . .        a - +0 war axe
rCold   . . .        c - +0 buckler
rNeg    . . .        b - +0 scale mail
rPois   .            (helmet restricted)
rElec   .            f - +1 cloak
rCorr   .            (no gloves)
SInv    .            (no boots)
Will    .....        (no amulet) Stlth
                     (no ring)
HPRegen 0.29/turn    (no ring)
MPRegen 0.09/turn

%: no passive effects
@: very slow
A: horns 2, retaliatory headbutt
a: Renounce Religion, Bend Time


You were on level 4 of the Dungeon.
You worshipped Cheibriados.
Cheibriados was aware of your devotion.
You visited 1 branch of the dungeon, and saw 4 of its levels.

You collected 223 gold pieces.
You spent 217 gold pieces at shops.

Inventory:

Hand Weapons
 a - a +0 war axe (weapon)
Armour
 b - a +0 scale mail (worn)
 c - a +0 buckler (worn)
 f - a +1 cloak (worn)
   (You found it on level 1 of the Dungeon)
Jewellery
 h - a ring of fire
   (You found it on level 2 of the Dungeon)
Wands
 e - a wand of light (9) {@v1}
   (You found it on level 3 of the Dungeon)
Scrolls
 i - a scroll of torment {unknown}
 l - 2 scrolls of amnesia {unknown}
 n - 2 scrolls of teleportation {@r3}
 p - a scroll of enchant weapon
 q - a scroll of fear
Potions
 d - 3 potions of might {@q3}
 g - 2 potions of ambrosia
 j - 2 potions of magic
 k - 2 potions of curing {@q1}
 m - a potion of enlightenment {unknown}


   Skills:
 + Level 5.1 Fighting
 * Level 5.6 Axes
 + Level 5.0 Armour
 + Level 5.0 Shields


You had 5 spell levels left.
You didn't know any spells.
Your spell library was empty.

Dungeon Overview and Level Annotations

Branches:
Dungeon (4/15)
 Temple: D:4-7

Altars:
Ashenzari
Cheibriados
Fedhas
Kikubaaqudgha
Zin
The Shining One

Shops:
D:3 ?

Annotations:
D:4 Duvessa


Innate Abilities, Weirdness & Mutations

You have a pair of horns on your head.
You reflexively headbutt those who attack you in melee.


Message History

The ogre shouts!
The orc shouts!
An orc comes into view. It is wielding a +0 hand axe.
There are monsters nearby!
There are monsters nearby!
An orc comes into view. It is wielding a +0 dagger.
The orc shouts!
There is a large open door here.
The ogre hits you with a +0 giant spiked club!
You slash the ogre!
The ogre is moderately wounded.
You slash the orc!
You kill the orc!
Cheibriados appreciates the change of pace.
The ogre barely misses you. You furiously retaliate!
You headbutt the ogre. You slash the ogre!
The ogre is almost dead.
You slash the ogre!
You kill the ogre!
Cheibriados appreciates the change of pace.
You slash the orc!
You kill the orc!
Cheibriados appreciates the change of pace.
Your Fighting skill increases to level 5!
You have reached level 6!
You hit the orc. You headbutt the orc.
You kill the orc!
Cheibriados appreciates the change of pace.
No target in view!
No target in view!
No target in view!
No target in view!
No target in view!
HP restored.
Items here: )) [ †.
You open the large door.
Dowan, Brother of Duvessa comes into view.
He is wielding a +0 dagger.
Dowan gestures wildly while chanting.
Dowan blinks!
Dowan moves out of view.
Found a scroll of fog.
There is a large open door here.
Dowan is nearby!
Dowan is nearby!
Dowan is nearby!
Found a glowing soapstone amulet.
Dowan points at you and mumbles some strange words.
The puff of frost hits you!
Duvessa, Sister of Dowan comes into view.
She is wielding a +0 short sword and wearing a +3 ring mail of cold resistance.
Duvessa shouts!
Dowan gestures at you while chanting. The puff of frost hits you.
You hit Dowan.
Dowan is moderately wounded.
Dowan hits you with a +0 dagger.
You slash Dowan!
Dowan is heavily wounded.
You hit Duvessa but do no damage. Dowan casts a spell at you.
The puff of flame hits you. Duvessa hits you but does no damage.
You closely miss Dowan. You headbutt Dowan.
Dowan is severely wounded.
You hit Duvessa but do no damage. Duvessa hits you but does no damage.
Dowan hits you with a +0 dagger. Duvessa hits you but does no damage.
Dowan hits you but does no damage.
You slash Dowan!
You kill Dowan!
Cheibriados appreciates the change of pace.
Duvessa weeps, and shakes her weapon.
Duvessa goes berserk!
You barely miss Duvessa. Duvessa completely misses you.
A hound comes into view.
Duvessa hits you with a +0 short sword!
Your Armour skill increases to level 5!
Your Shields skill increases to level 5!
You are too injured to fight recklessly!
You are too injured to fight recklessly!
You are too injured to fight recklessly!
You are too injured to fight recklessly!
You are too injured to fight recklessly!
You are too injured to fight recklessly!
You are too injured to fight recklessly!
You are too injured to fight recklessly!
You are too injured to fight recklessly!
You are too injured to fight recklessly!
You are too injured to fight recklessly!
You slash Duvessa! Your headbutt misses Duvessa.
Duvessa is lightly wounded.
Duvessa hits you but does no damage.
You barely miss Duvessa. You headbutt Duvessa.
Duvessa is moderately wounded.
Duvessa hits you with a +0 short sword. Duvessa barely misses you.
You hit Duvessa.
Duvessa is moderately wounded.
Duvessa hits you with a +0 short sword.
* * * LOW HITPOINT WARNING * * *
Duvessa closely misses you.
You closely miss Duvessa.
Duvessa is moderately wounded.
Duvessa hits you with a +0 short sword!
* * * LOW HITPOINT WARNING * * *
Duvessa hits you with a +0 short sword!
You die...

#....# #....# #....#
#....#######
#....##≈≈≈≈## ###
#..†##§§..§≈## ....
#...#≈§§≈.≈≈≈### .....
#...'.§§.≈...'.##......
##...'.).≈§≈..'.@)......
.#...#≈≈§.≈≈≈≈#.e##?....
#...###≈§..§≈##.#h.. ...
..### ##≈≈§≈##..#.#... .
### ######....." ...
.....#.# .# ....#...# #
##..# ....


You could see Duvessa (berserk) and a hound.

Vanquished Creatures
  An ogre (D:4)
  Dowan (D:4)
  A hound (D:3)
  Jessica (D:2)
  An iguana (D:3)
  6 adders
  A dart slug (D:1)
  4 ribbon worms
  5 orcs
  11 endoplasms
  9 giant cockroaches
  5 goblins
  7 hobgoblins
  7 jackals
  2 quokkas
  11 ball pythons
  4 bats
  2 frilled lizards
  5 kobolds
  10 rats
94 creatures vanquished.

Notes
Turn   | Place    | Note
-------+----------+-------------------------------------------
     0 | D:1      | EnegeticOcto the Minotaur Fighter began the quest for the
                  | Orb.
     0 | D:1      | Reached XP level 1. HP: 19/19 MP: 0/0
     1 | D:1      | Found a runed translucent door.
   221 | D:1      | Reached XP level 2. HP: 25/27 MP: 1/1
   934 | D:1      | Reached XP level 3. HP: 19/33 MP: 2/2
  1066 | D:2      | Found an ancient bone altar of Kikubaaqudgha.
  1067 | D:2      | Noticed Jessica
  1073 | D:2      | Killed Jessica
  1074 | D:2      | Reached XP level 4. HP: 27/40 MP: 3/3
  2081 | D:3      | Reached XP level 5. HP: 46/47 MP: 4/4
  2084 | D:3      | Found a snail-covered altar of Cheibriados.
  2106 | D:3      | Became a worshipper of Cheibriados the Contemplative
  2260 | D:3      | Found a broken altar of Ashenzari.
  2261 | D:3      | Found a glowing silver altar of Zin.
  2342 | D:3      | Found a blossoming altar of Fedhas.
  2350 | D:3      | Found a glowing golden altar of the Shining One.
  2490 | D:3      | Reached * piety under Cheibriados
  2700 | D:3      | Found Naadodob's Magic Scroll Boutique.
  2703 | D:3      | Bought a scroll of enchant weapon for 105 gold pieces
  2703 | D:3      | Bought a scroll of identify for 28 gold pieces
  2703 | D:3      | Bought a scroll of identify for 28 gold pieces
  2703 | D:3      | Bought a scroll of fear for 56 gold pieces
  2772 | D:4      | Reached skill level 5 in Axes
  2808 | D:4      | Noticed an ogre
  2813 | D:4      | Killed an ogre
  2814 | D:4      | Reached skill level 5 in Fighting
  2814 | D:4      | Reached XP level 6. HP: 41/56 MP: 5/5
  2871 | D:4      | Noticed Dowan
  2874 | D:4      | Noticed Duvessa
  2878 | D:4      | Killed Dowan
  2879 | D:4      | Reached skill level 5 in Armour
  2879 | D:4      | Reached skill level 5 in Shields
  2882 | D:4      | Mangled by Duvessa

Illustrated notes

Levels and vault maps discovered:
D:1:      dpeg_arrival_caged_fury, layout_basic
D:2:      layout_loops_ring, basic_altar, serial_forest,
          infiniplex_forest_end_2, infiniplex_forest_end_1,
          infiniplex_forest_end_2, infiniplex_forest_clump_long,
          infiniplex_forest_lined_1, infiniplex_forest_clump_tiny, uniq_jessica
D:3:      layout_loops_ring, slow_altar_1, mainiacjoe_overflow_big_doors,
          gammafunk_temple_overflow_pools, serial_shops, nicolae_shop_rolled_up
D:4:      layout_rooms, nicolae_wu_jian_wuxing_cycle, minivault_11,
          kennysheep_generic_room_3, uniq_menkaure, uniq_duvessa,
          uniq_crazy_yiuf_cottage

Skill      XL: |  1  2  3  4  5  6 |
---------------+-------------------+-----
Axes           | 3 4 5 |  5.6
Fighting       | 4 5 |  5.1
Armour         | 4 5 |  5.0
Shields        | 4 5 |  5.0

Action                     |  1- 3 |  4- 6 || total
---------------------------+-------+-------++-------
  Melee: War axe           |    86 |   120 ||   206
         Headbutt          |    13 |    20 ||    33
    Use: Scroll            |       |     9 ||     9
 Armour: Scale mail        |    52 |    96 ||   148
  Dodge: Dodged            |    33 |    62 ||    95
  Block: Buckler           |    19 |    23 ||    42
